 Dungeon Crawl Stone Soup version 0.27.1-33-g824d729ab1 (webtiles) character file.

Game seed: 3717901377013653387

57 belegose the Ducker (level 4, -2/34 HPs)
             Began as a Djinni Gladiator on Dec 17, 2021.
             Killed from afar by Sigmund (10 damage)
             ... with a magic dart
             ... on level 2 of the Dungeon.
             The game lasted 00:04:02 (2185 turns).

belegose the Ducker (Djinni Gladiator)              Turns: 2185, Time: 00:04:02

Health: -2/34      AC:  4    Str: 13    XL:     4   Next: 18%
Gold:   98         EV: 13    Int: 10    God:
                   SH:  0    Dex: 15

rFire    + + .     SeeInvis .   a - +0 long sword
rCold    x . .     Faith    .   (no shield)
rNeg     . . .     Spirit   .   b - +0 leather armour
rPois    ∞         Reflect  .   h - +0 helmet
rElec    .         Harm     .   (no cloak)
rCorr    .         Rampage  .   (no gloves)
Will     .....                  (boots unavailable)
Stlth    ++........             (no amulet)
HPRegen  0.11/turn              (no ring)
MPRegen  0.00/turn              (no ring)

@: flying
A: sickness immunity, fire resistance 2, cold vulnerability 1, float, innate
caster, hp casting, extra vitality 1
a: no special abilities


You were on level 2 of the Dungeon.
You visited 1 branch of the dungeon, and saw 2 of its levels.

You collected 98 gold pieces.

Inventory:

Hand Weapons
 a - a +0 long sword (weapon)
Missiles
 d - 3 throwing nets
 e - 12 poisoned darts (quivered)
 l - 45 stones
Armour
 b - a +0 leather armour (worn)
 h - a +0 helmet (worn)
Scrolls
 c - a scroll of identify {unknown}
 f - 2 scrolls of enchant armour {unknown}
 n - a scroll of fear {unknown}
Potions
 g - a potion of heal wounds {unknown}
 i - a potion of resistance {unknown}
 j - a potion of degeneration {unknown}
 k - a potion of curing {unknown}
 m - a potion of mutation {unknown}


   Skills:
 + Level 2.6 Fighting
 + Level 3.0 Long Blades
 - Level 1.5 Throwing
 + Level 3.7 Dodging
 + Level 1.1 Stealth
 + Level 0.9 Spellcasting


You had 3 spell levels left.
You knew the following spells:

 Your Spells              Type           Power      Damage    Failure   Level
a - Animate Skeleton      Necr           4%         N/A       30%         1
Your spell library was empty.

Dungeon Overview and Level Annotations

Branches:
Dungeon (2/15)

Altars:
Hepliaklqana

Annotations:
D:2 Sigmund


Innate Abilities, Weirdness & Mutations

You are immune to sickness and miasma.
You are immune to poison.
Your flesh is very heat resistant. (rF++)
You are vulnerable to cold. (rC-)
You float through the air rather than walking.
You learn spells naturally, not from books.
Your magical power is your life essence.
You have superior vitality. (+4 HP)


Message History

You see here a +0 short sword.
You slash the goblin!
You kill the goblin!
The bat misses you.
You riposte.
You slash the bat!
You kill the bat!
You slash the dart slug!
The dart slug is almost dead.
You hit the dart slug.
You kill the dart slug!
You barely miss the hobgoblin. The hobgoblin misses you.
You slash the hobgoblin!
You kill the hobgoblin!
You hear a zap.
You hear a grinding noise.
Items here: )) ††.
Sigmund the Dreaded comes into view.
He is wielding a +0 scythe and carrying a wand of digging (2).
Sigmund zaps a wand.
Some rock shatters into small pieces.
Sigmund is nearby!
Items here: )) ††.
Found a robe.
Sigmund casts a spell at you. The puff of flame misses you.
Sigmund casts a spell at you.
You are confused.
Sigmund casts a spell at you. The magic dart hits you.
You bump into the rock wall.
You bump into the rock wall.
Sigmund gestures at you while chanting. The magic dart hits you.
Sigmund zaps a wand.
Some rock shatters into small pieces.
The now-empty wand crumbles to dust.
You feel less confused.
Sigmund screams, "Don't try to resist!"
Sigmund points at you and mumbles some strange words.
The magic dart hits you!
* * * LOW HITPOINT WARNING * * *
There is a stone staircase leading up here.
Sigmund points at you and mumbles some strange words.
The magic dart hits you!
You die...

#.#######..#...#..@.##..
#.#..............#######
#.#####.###.###### . #.#
###>....## #
####.###...###..#
#......#.#.####@#####.#
#........#.#..........#
#
#......###...##.#######
# #......##.@.###.#
#########.#..##.# ..
##....##.##.# #.#
#..#####..#.####..#
#.#######........# #
#................# ##
##########.......# #.
#.......# #. #########
##......#####.


You could see Sigmund.

Vanquished Creatures
  A gnoll (D:1)
  A worm (D:2)
  3 dart slugs
  5 bats
  An endoplasm (D:1)
  3 giant cockroaches (D:1)
  4 goblins
  3 hobgoblins
  3 kobolds
  A quokka (D:2)
  3 ball pythons
  3 frilled lizards
  5 rats
36 creatures vanquished.

Vanquished Creatures (collateral kills)
  An endoplasm (D:1)
1 creature vanquished.

Vanquished Creatures (others)
  5 plants (D:1)
5 creatures vanquished.

Grand Total: 42 creatures vanquished

Notes
Turn   | Place    | Note
-------+----------+-------------------------------------------
     0 | D:1      | belegose the Djinni Gladiator began the quest for the Orb.
     0 | D:1      | Reached XP level 1. HP: 18/18 MP: 0/0
   339 | D:1      | Reached XP level 2. HP: 23/23 MP: 0/0
   507 | D:1      | Reached XP level 3. HP: 15/28 MP: 0/0
   507 | D:1      | Learned a level 1 spell: Animate Skeleton
  1278 | D:1      | Reached skill level 1 in Stealth
  2047 | D:2      | Found a hazy altar of Hepliaklqana.
  2053 | D:2      | Reached XP level 4. HP: 32/34 MP: 0/0
  2150 | D:2      | Noticed Sigmund
  2185 | D:2      | Killed from afar by Sigmund

Illustrated notes

Levels and vault maps discovered:
D:1:      eino_arrival_druids_welcome, layout_basic
D:2:      layout_rooms, basic_altar, uniq_sigmund

Skill      XL: |  1  2  3 |
---------------+----------+-----
Long Blades    | 3 |  3.0
Stealth        | 1 |  1.1
Fighting       | |  2.6
Throwing       | |  1.5
Dodging        | |  3.7
Spellcasting   | |  0.9

Action                   |  1- 3 |  4- 6 || total
-------------------------+-------+-------++-------
Melee: Long sword        |    77 |    10 ||    87
Throw: Dart              |    11 |       ||    11
 Cast: Animate Skeleton  |     2 |       ||     2
 Stab: Sleeping          |     2 |       ||     2
Armor: Leather armour    |    24 |     2 ||    26
Dodge: Dodged            |    49 |    10 ||    59
       Rpst.: Long sword |    15 |     2 ||    17
